 Dungeon Crawl Stone Soup version 0.23.2-1-ga50397a (webtiles) character file.

Game seed: 4135302174617878090

5402 jjabberwock the Slicer (level 10, -2/63 HPs)
             Began as an Octopode Enchanter on June 2, 2019.
             Was a Believer of Okawaru.
             Slain by a wight
             ... wielding a cursed +0 trident
              (8 damage)
             ... on level 9 of the Dungeon.
             The game lasted 00:27:53 (13120 turns).

jjabberwock the Slicer (Octopode Enchanter)        Turns: 13120, Time: 00:27:54

Health: -2/63      AC:  1    Str:  8    XL:     10   Next: 67%
Magic:  14/14      EV: 16    Int: 21    God:    Okawaru [**....]
Gold:   152        SH:  6    Dex: 15    Spells: 7/17 levels left

rFire    . . .     SeeInvis .   b - +5 hand axe of Judgement {elec, rC+ Stlth+}
rCold    + . .     Gourm    .   m - +1 buckler
rNeg     . . .     Faith    +   (helmet restricted)
rPois    .         Spirit   .   w - amulet of faith
rElec    .         Reflect  .   D - +3 ring of evasion
rCorr    .         Harm     .   x - +3 ring of intelligence
MR       .....                  (no ring)
Stlth    +++++.....             (no ring)
HPRegen  0.20/turn              (no ring)
MPRegen  0.14/turn              (no ring)
                                (no ring)
                                (no ring)

@: heavily drained
A: almost no armour, stealthy swim, amphibious, 8 rings, constrict 8, tentacle
spike 1, camouflage 1, frail 1, low mp 1, screaming 1, gelatinous body 1
a: Heroism, Renounce Religion


You were on level 9 of the Dungeon.
You worshipped Okawaru.
Okawaru was pleased with you.
You were hungry.

You visited 2 branches of the dungeon, and saw 10 of its levels.
You also visited: Ossuary.

You collected 412 gold pieces.
You spent 260 gold pieces at shops.

Inventory:

Hand Weapons
 a - a +4 short sword of speed
 b - the +5 hand axe of Judgement (weapon) {elec, rC+ Stlth+}
   (You found it on level 7 of the Dungeon)

   Occasionally, upon striking a foe, it will discharge some electrical energy
   and cause terrible harm.
   It protects you from cold.
   It makes you more stealthy.
 g - a +1 short sword of speed
 r - a +3 dagger of speed
 B - a +2 dagger
 H - a +2 dagger of venom
Missiles
 z - 2 throwing nets (quivered)
Armour
 m - a +1 buckler (worn)
Jewellery
 w - an amulet of faith (around mantle)
 x - a +3 ring of intelligence (right tentacle)
 A - an uncursed ring of fire
 D - a +3 ring of evasion (left tentacle)
 G - a +5 amulet of reflection {unknown}
Wands
 C - a wand of disintegration (8)
Scrolls
 f - a scroll of fear {unknown}
 j - 2 scrolls of enchant armour
 n - 6 scrolls of teleportation
 p - 3 scrolls of remove curse
 q - 2 scrolls of magic mapping {unknown}
 s - a scroll of blinking {unknown}
 t - 2 scrolls of immolation {unknown}
 y - a scroll of random uselessness {unknown}
Potions
 d - 8 potions of curing
 e - 3 potions of heal wounds
 h - a potion of might
 i - a potion of flight
 k - 2 potions of haste
 l - 3 potions of lignification
 o - 3 potions of degeneration
 u - a potion of agility
 v - a potion of brilliance
 F - a potion of invisibility {unknown}
Comestibles
 c - 18 rations
 E - 4 chunks of flesh


   Skills:
 + Level 7.1(5.6) Fighting
 - Level 8.0(6.5) Short Blades
 + Level 0.1(0.0) Axes
 - Level 2.9(1.6) Dodging
 - Level 7.6(6.1) Stealth
 * Level 6.9(5.4) Shields
 - Level 4.2(2.9) Spellcasting
 - Level 5.2(3.8) Hexes
 - Level 2.9(1.6) Ice Magic
 * Level 2.2(0.9) Invocations


You had 7 spell levels left.
You knew the following spells:

 Your Spells              Type           Power        Failure   Level  Hunger
a - Corona                Hex            ###....      2%          1    None
b - Ensorcelled Hibernat  Hex/Ice        ##....       7%          2    ##.....
c - Confuse               Hex            ###.....     9%          3    ###....
d - Tukima's Dance        Hex            ###.....     9%          3    ###....
e - Confusing Touch       Hex            ###...       2%          1    None

Your spell library contained the following spells:

 Spells                   Type           Power        Failure   Level  Hunger
 Slow                     Hex            ###.....     4%          2    ##.....
 Animate Skeleton         Necr           N/A          14%         1    None
 Apportation              Tloc           #.....       14%         1    None
 Magic Dart               Conj           #...         14%         1    None
 Summon Small Mammal      Summ           #...         14%         1    None
 Dazzling Spray           Conj/Hex       ##....       19%         3    ###....
 Inner Flame              Hex/Fire       ##......     19%         3    ###....
 Portal Projectile        Hex/Tloc       ##....       19%         3    ###....
 Blink                    Tloc           N/A          21%         2    ##.....
 Call Imp                 Summ           #.......     21%         2    ##.....
 Cause Fear               Hex            ###.......   28%         4    ####...
 Conjure Flame            Conj/Fire      #.......     38%         3    ###....
 Mephitic Cloud           Conj/Pois/Air  #.......     38%         3    ###....
 Recall                   Summ/Tloc      N/A          38%         3    ###....
 Leda's Liquefaction      Hex/Erth       ##........   52%         4    ####...
 Summon Mana Viper        Hex/Summ       ##......     86%         5    ######.
 Aura of Abjuration       Summ           #.........   98%         5    ######.
 Summon Demon             Summ           #.........   98%         5    ######.
 Summon Forest            Summ/Tloc      #.........   98%         5    ######.
 Shadow Creatures         Summ           N/A          100%        6    #######


Dungeon Overview and Level Annotations

Branches:
Dungeon (9/15)             Temple (1/1) D:5            Lair (0/6) D:9
    Orc: D:9-12

Altars:
Ashenzari
Cheibriados
Dithmenos
Elyvilon
Fedhas
Gozag
Hepliaklqana
Kikubaaqudgha
Makhleb
Nemelex Xobeh
Okawaru
Qazlal
Ru
Sif Muna
Trog
Uskayaw
Vehumet
Wu Jian
Xom
Yredelemnul
Zin
The Shining One

Shops:
D:7 [[*

Annotations:
D:1 exclusion: downstairs
D:5 3 runed translucent doors, exclusions: downstairs and oklob sapling, Grendash's ghost, novice HOFi
D:6 1 runed translucent door, Crazy Yiuf


Innate Abilities, Weirdness & Mutations

You cannot wear most types of armour.
You are very stealthy in the water. (Stealth+)
You are amphibious.
You can wear up to eight rings at the same time.
You can use your tentacles to constrict eight enemies at once.
Your skin changes colour to match your surroundings (Stealth+).
Your rubbery body absorbs attacks. (AC +1, EV +1)
One of your tentacles bears a spike.
You are frail. (-10% HP)
Your magical capacity is low. (-10% MP)
You occasionally shout uncontrollably at your foes.


Message History

The wight barely misses you. The wight misses you.
You slash the wight!
You destroy the wight!
Okawaru accepts your kill.
The wight hits you from afar with a cursed +0 trident.
* * * LOW HITPOINT WARNING * * *
The wight hits you but does no damage.
Things that are here:
a +2 spear; a +0 robe; a +2 shield You hit the wight but do no damage.
You grab the wight.
You pierce the wight.
The wight is lightly damaged.
You constrict the wight, but do no damage.
The wight hits you with a cursed +0 trident.
* * * LOW HITPOINT WARNING * * *
You feel drained.
You completely miss the wight.
You pierce the wight, but do no damage.
The wight is lightly damaged.
You constrict the wight, but do no damage.
The wight hits you with a cursed +0 trident!
You die...

#...... #... ......###
#... # .......# #... #.
#...... ...## #.###......
## ...# ##...#......
##.##..# .##...........
##.....z# ..............
#......@##..........#...
#......)...........#####
#.....##.........#.# ##
....#..........#...####.
..#.#.%.....####........
. #....#....####........
#..%##................
.................รท......
....$.............#######


You could see a wight.

Vanquished Creatures
  Erica (D:8)
  Joseph (D:8)
  A hornet (D:7)
  Grinder (D:5)
  2 hippogriffs (D:7)
  Menkaure (D:7)
  4 orc warriors
  A sky beast (D:6)
  A phantom (D:6)
  4 ogres
  3 centaurs
  Blork the orc (D:6)
  3 bullfrogs
  3 elf skeletons (D:4)
  A water moccasin zombie (D:6)
  5 scorpions
  4 wights (D:9)
  A howler monkey (D:7)
  A bullfrog zombie (D:5)
  6 crimson imps
  A centaur zombie (Ossuary)
  A human zombie (D:4)
  6 hounds
  4 orc priests
  2 centaur skeletons (D:6)
  A human skeleton (D:4)
  6 orc wizards
  2 iguanas
  5 worker ants
  A big kobold zombie (Ossuary)
  4 hound zombies
  2 hound skeletons
  3 mummies (Ossuary)
  8 gnolls
  12 adders
  A shadow imp (D:5)
  An ooze (D:4)
  4 adder zombies
  An adder skeleton (D:4)
  3 worms
  A dart slug (D:2)
  3 leopard geckos
  32 orcs
  5 bats
  5 giant cockroaches
  3 gnoll zombies (Ossuary)
  9 goblins
  3 hobgoblins
  12 jackals
  4 kobolds
  8 quokkas
  A ball python (D:4)
  6 frilled lizards
  A giant cockroach zombie (D:5)
  9 goblin zombies (Ossuary)
  2 hobgoblin zombies (Ossuary)
  5 jackal zombies (Ossuary)
  2 kobold zombies (Ossuary)
  3 leopard gecko skeletons
  An orc skeleton (D:4)
  4 quokka zombies
  5 rats
  2 rat zombies (Ossuary)
  A plant (D:5)
240 creatures vanquished.

Vanquished Creatures (others)
  8 plants (D:9)
8 creatures vanquished.

Grand Total: 248 creatures vanquished

Notes
Turn   | Place    | Note
-------+----------+-------------------------------------------
     0 | D:1      | jjabberwock the Octopode Enchanter began the quest for the
                  | Orb.
     0 | D:1      | Reached XP level 1. HP: 11/11 MP: 3/3
   233 | D:1      | Reached XP level 2. HP: 17/17 MP: 5/5
   239 | D:1      | Learned a level 2 spell: Ensorcelled Hibernation
   965 | D:2      | Reached XP level 3. HP: 5/21 MP: 6/6
  1246 | D:2      | Reached skill level 5 in Stealth
  1602 | D:2      | HP: 1/21 [gnoll/+0 halberd (6)]
  2048 | D:2      | Reached XP level 4. HP: 27/27 MP: 4/7
  2090 | D:2      | Reached skill level 1 in Ice Magic
  2958 | D:2      | Reached skill level 2 in Short Blades
  3102 | D:2      | Reached skill level 1 in Fighting
  3265 | D:3      | Reached XP level 5. HP: 28/33 MP: 8/8
  4131 | D:4      | Noticed an ogre
  4135 | D:4      | Killed an ogre
  4135 | D:4      | Reached skill level 3 in Short Blades
  4135 | D:4      | Reached XP level 6. HP: 38/38 MP: 6/9
  4499 | D:4      | Reached XP level 7. HP: 13/44 MP: 3/10
  4554 | D:4      | Found a sand-covered staircase.
  4576 | Ossuary  | Entered an ossuary
  4796 | Ossuary  | Learned a level 3 spell: Confuse
  5103 | Ossuary  | Reached skill level 4 in Short Blades
  5258 | Ossuary  | Reached skill level 1 in Shields
  5387 | Ossuary  | Gained mutation: You are frail. (-10% HP) [potion of
                  | mutation]
  5387 | Ossuary  | Gained mutation: You have a pair of small antennae on your
                  | head. [potion of mutation]
  5388 | Ossuary  | Lost mutation: You have a pair of small antennae on your
                  | head. [potion of mutation]
  5388 | Ossuary  | Gained mutation: Your magical capacity is low. (-10% MP)
                  | [potion of mutation]
  5388 | Ossuary  | Gained mutation: You occasionally shout uncontrollably at
                  | your foes. [potion of mutation]
  5388 | Ossuary  | Gained mutation: One of your tentacles bears a spike.
                  | [potion of mutation]
  5625 | D:5      | Entered Level 5 of the Dungeon
  5647 | D:5      | Reached XP level 8. HP: 42/45 MP: 10/10
  5717 | D:5      | Reached skill level 5 in Short Blades
  5726 | D:5      | Found a runed translucent gate.
  5727 | D:5      | Found a runed translucent gate.
  5736 | D:5      | Found a runed translucent gate.
  5736 | D:5      | Noticed Grendash's ghost (novice HOFi)
  5853 | D:5      | Found a staircase to the Ecumenical Temple.
  6304 | Temple   | Entered the Ecumenical Temple
  6846 | D:5      | Noticed Grinder
  6849 | D:5      | Paralysed by Grinder for 5 turns
  6856 | D:5      | Killed Grinder
  7123 | D:5      | Learned a level 3 spell: Tukima's Dance
  7191 | D:6      | Reached skill level 6 in Short Blades
  7237 | D:6      | Found a runed translucent door.
  7238 | D:6      | Noticed Crazy Yiuf
  7589 | D:6      | Reached XP level 9. HP: 29/51 MP: 6/13
  8577 | D:6      | Noticed Blork the orc
  8834 | D:6      | Killed Blork the orc
  8920 | D:6      | Reached skill level 7 in Short Blades
  9225 | D:6      | Reached skill level 5 in Hexes
  9879 | D:7      | Found Addiule's Armour Shop.
 10292 | D:7      | Noticed a hornet
 10298 | D:7      | Killed a hornet
 10331 | D:7      | Found a bloodstained altar of Trog.
 10514 | D:7      | Found Leor's Antique Armour Shop.
 10564 | D:7      | Reached skill level 5 in Fighting
 10649 | D:7      | Reached skill level 8 in Short Blades
 10649 | D:7      | Reached skill level 5 in Shields
 10649 | D:7      | Reached XP level 10. HP: 59/59 MP: 9/14
 10942 | D:7      | Found Qoobb's Assorted Antiques.
 10950 | D:7      | Bought a coral ring for 130 gold pieces
 10950 | D:7      | Bought a steel ring for 130 gold pieces
 10955 | D:7      | Found a white marble altar of Elyvilon.
 10962 | D:7      | Found a basalt altar of Yredelemnul.
 10963 | D:7      | Found a blossoming altar of Fedhas.
 10967 | D:7      | Found an iron altar of Okawaru.
 10970 | D:7      | Became a worshipper of Warmaster Okawaru
 11279 | D:7      | Learned a level 1 spell: Confusing Touch
 11490 | D:7      | Got a pitted hand axe
 11491 | D:7      | Identified the +5 hand axe of Judgement {elec, rC+ Stlth+}
                  | (You found it on level 7 of the Dungeon)
 11520 | D:7      | Noticed Menkaure
 11532 | D:7      | Killed Menkaure
 12130 | D:8      | Noticed Erica
 12140 | D:8      | Killed Erica
 12140 | D:8      | Reached * piety under Okawaru
 12750 | D:8      | Reached ** piety under Okawaru
 12826 | D:8      | Noticed Joseph
 12833 | D:8      | Killed Joseph
 12833 | D:8      | Reached skill level 1 in Invocations
 13035 | D:9      | Found a staircase to the Lair.
 13120 | D:9      | Slain by a wight

Skill      XL: |  1  2  3  4  5  6  7  8  9 10 |
---------------+-------------------------------+-----
Stealth        | 5 6 7 |  7.6
Ice Magic      | 1 2 |  2.9
Short Blades   | 2 3 4 6 8 |  8.0
Fighting       | 1 2 3 5 7 |  7.1
Shields        | 1 2 5 6 |  6.9
Hexes          | 4 5 |  5.2
Spellcasting   | 3 4 |  4.2
Invocations    | 2 |  2.2
Axes           | |  0.1
Dodging        | |  2.9

Action                   |  1- 3 |  4- 6 |  7- 9 | 10-12 || total
-------------------------+-------+-------+-------+-------++-------
Melee: Dagger            |    23 |   119 |   492 |    24 ||   658
       Constrict         |    14 |    31 |    93 |    14 ||   152
       Tentacles         |     6 |    20 |    97 |    16 ||   139
       Short sword       |    42 |    30 |       |    55 ||   127
       Kick              |       |       |   124 |    24 ||   148
       Hand axe          |       |       |       |    11 ||    11
 Cast: Ensorcelled Hiber |     1 |     5 |    27 |    10 ||    43
  Use: Scroll            |       |     6 |     8 |     3 ||    17
       Potion            |       |       |     3 |     1 ||     4
 Stab: Sleeping          |    11 |    12 |    32 |    16 ||    71
       Distracted        |       |     1 |     1 |       ||     2
  Eat: Chunk             |     3 |     8 |    14 |     7 ||    32
       Ration            |       |       |     2 |       ||     2
Armor: Skin              |     4 |     8 |     9 |     1 ||    22
Dodge: Dodged            |    30 |    77 |   138 |    41 ||   286
Block: Buckler           |       |    15 |    61 |     9 ||    85
